 Dungeon Crawl Stone Soup version 0.27-a0-1423-ge5d6b6ab6a (console) character file.

Game seed: 8188920503486540250

262534 Hector the Severer (level 19, -6/187 HPs)
             Began as a Hill Orc Fighter on July 1, 2021.
             Was the Champion of Dithmenos.
             Mangled by a +4 glaive of venom (10 damage)
             ... on level 1 of the Elven Halls on July 3, 2021.
             The game lasted 03:15:10 (39095 turns).

Hector the Severer (Hill Orc Fighter)              Turns: 39095, Time: 03:15:12

Health: -6/187     AC: 30    Str: 29    XL:     19   Next: 99%
Magic:  26/26      EV: 10    Int:  8    God:    Dithmenos [******]
Gold:   2694       SH: 25    Dex: 10    Spells: 18/18 levels left

rFire    + + .     SeeInvis +   a - +11 broad axe {freeze, rF+ rCorr Str-2}
rCold    + . .     Faith    .   i - +2 tower shield
rNeg     . . .     Spirit   .   d - +4 plate armour of the Lizard {rCorr Str+4}
rPois    +         Reflect  .   h - +2 hat
rElec    .         Harm     .   e - scarf {rC+ rF+}
rCorr    +         Rampage  .   g - +2 pair of gloves {archery}
Will     +....                  f - +1 pair of boots
Stlth    ..........             w - amulet of regeneration
HPRegen  1.41/turn              S - ring of see invisible
MPRegen  0.20/turn              P - ring of poison resistance

@: about to teleport, wreathed by umbra, studying Ice Magic
A: no striking features
}: 2/15 runes: decaying, serpentine
a: Renounce Religion, Shadow Step, Shadow Form


You were on level 1 of the Elven Halls.
You worshipped Dithmenos.
Dithmenos was exalted by your worship.
You visited 6 branches of the dungeon, and saw 32 of its levels.
You also visited: Ice Cave.

You collected 4003 gold pieces.
You spent 1309 gold pieces at shops.

Inventory:

Hand Weapons
 a - the +11 broad axe "Kudd" (weapon) {freeze, rF+ rCorr Str-2}
   (You acquired it on level 2 of the Orcish Mines)

   It has been specially enchanted to freeze those struck by it, causing extra
   injury to most foes and up to half again as much damage against particularly
   susceptible opponents.
   It can also slow down cold-blooded creatures.
   Str:       It affects your strength (-2).
   rF:        It protects you from fire.
   rCorr:     It protects you from acid and corrosion.
 b - the +5 short sword of Dofikl Zaoha {flame, *Corrode rElec rN+}
   (You found it on level 13 of the Dungeon)

   It has been specially enchanted to burn those struck by it, causing extra
   injury to most foes and up to half again as much damage against particularly
   susceptible opponents.
   rElec:     It insulates you from electricity.
   rN:        It protects you from negative energy.
   *Corrode:  It may corrode you when you take damage.
 c - the +3 spear of Grace {freeze, *Noise rF+ rC+ SInv}
   (You took it off a spriggan on level 9 of the Dungeon)

   It has been specially enchanted to freeze those struck by it, causing extra
   injury to most foes and up to half again as much damage against particularly
   susceptible opponents.
   It can also slow down cold-blooded creatures.
   rF:        It protects you from fire.
   rC:        It protects you from cold.
   SInv:      It lets you see invisible.
   *Noise:    It may make noises in combat.
 E - the +9 morningstar of the Four Visionaries {flame, Will+ Stlth+}
   (You found it on level 4 of the Snake Pit)

   It has been specially enchanted to burn those struck by it, causing extra
   injury to most foes and up to half again as much damage against particularly
   susceptible opponents.
   Will:      It increases your willpower.
   Stlth:     It makes you more stealthy.
 W - a +2 antimagic war axe
Missiles
 j - 34 boomerangs
 n - 82 poisoned darts (quivered)
Armour
 d - the +4 plate armour of the Lizard (worn) {rCorr Str+4}
   (You found it on level 10 of the Dungeon)

   Str:       It affects your strength (+4).
   rCorr:     It protects you from acid and corrosion.
 e - a scarf of resistance (worn)
 f - a +1 pair of boots (worn)
 g - a +2 pair of gloves of archery (worn)
 h - a +2 hat (worn)
 i - a +2 tower shield (worn)
Jewellery
 w - an amulet of regeneration (around neck)
 B - a ring of willpower
 C - a ring of protection from cold
 P - a ring of poison resistance (right hand)
 S - a ring of see invisible (left hand)
Wands
 o - a wand of mindburst (4)
 s - a wand of acid (24)
 z - a wand of iceblast (67)
 H - a wand of digging (11)
Scrolls
 l - 4 scrolls of silence
 m - 2 scrolls of magic mapping
 r - 8 scrolls of identify
 v - 11 scrolls of teleportation
 J - 4 scrolls of fog
 K - 2 scrolls of fear
 N - 3 scrolls of blinking
Potions
 p - 3 potions of flight
 q - 5 potions of heal wounds
 t - 2 potions of berserk rage
 x - 2 potions of resistance
 I - 9 potions of curing
 L - 2 potions of cancellation
 M - 4 potions of haste
 O - 2 potions of might
 U - 2 potions of ambrosia
Miscellaneous
 G - a box of beasts
 R - a phantom mirror


   Skills:
 * Level 20.4 Fighting
 + Level 20.7 Axes
 * Level 2.5 Throwing
 * Level 17.3 Armour
 * Level 8.5 Dodging
 * Level 18.6 Shields
 - Level 10.0 Invocations


You had 18 spell levels left.
You didn't know any spells.
Your spell library contained the following spells:

 Spells                   Type           Power      Damage    Failure   Level
 Animate Skeleton         Necr           0%         N/A       99%         1
 Apportation              Tloc           0%         N/A       99%         1
 Corona                   Hex            0%         N/A       99%         1
 Freeze                   Ice            0%         1d3       99%         1
 Pain                     Necr           0%         1d4       99%         1
 Summon Small Mammal      Summ           0%         N/A       99%         1
 Call Imp                 Summ           0%         N/A       100%        2
 Corpse Rot               Necr/Air       N/A        N/A       100%        2
 Passwall                 Tmut/Erth      0%         N/A       100%        2
 Slow                     Hex            0%         N/A       100%        2
 Sublimation of Blood     Necr           0%         N/A       100%        2
 Wereblood                Tmut           0%         N/A       100%        2
 Call Canine Familiar     Summ           0%         N/A       100%        3
 Frozen Ramparts          Ice            0%         1d2       100%        3
 Ignite Poison            Fire/Tmut/Pois 0%         N/A       100%        3
 Inner Flame              Hex/Fire       0%         N/A       100%        3
 Ozocubu's Armour         Ice            0%         N/A       100%        3
 Portal Projectile        Hex/Tloc       0%         N/A       100%        3
 Stone Arrow              Conj/Erth      0%         3d7       100%        3
 Summon Guardian Golem    Hex/Summ       0%         N/A       100%        3
 Vampiric Draining        Necr           0%         2d6       100%        3
 Airstrike                Air            0%         N/A       100%        4
 Animate Armour           Summ/Erth      0%         N/A       100%        4
 Cause Fear               Hex            0%         N/A       100%        4
 Hailstorm                Conj/Ice       0%         3d3       100%        4
 Leda's Liquefaction      Hex/Erth       0%         N/A       100%        4
 Summon Ice Beast         Ice/Summ       0%         N/A       100%        4
 Summon Lightning Spire   Summ/Air       0%         N/A       100%        4
 Agony                    Necr           0%         N/A       100%        5
 Blade Hands              Tmut           0%         N/A       100%        5
 Fireball                 Conj/Fire      0%         3d3       100%        5
 Irradiate                Conj/Tmut      0%         3d13      100%        5
 Lightning Bolt           Conj/Air       0%         1d11      100%        5
 Metabolic Englaciation   Hex/Ice        0%         N/A       100%        5
 Silence                  Hex/Air        0%         N/A       100%        5
 Conjure Ball Lightning   Conj/Air       0%         3x3d6     100%        6
 Dispersal                Tloc           0%         N/A       100%        6
 Simulacrum               Ice/Necr       0%         N/A       100%        6
 Starburst                Conj/Fire      0%         8x6d3     100%        6
 Dragon Form              Tmut           0%         N/A       100%        7
 Storm Form               Tmut/Air       0%         N/A       100%        7
 Summon Hydra             Summ           0%         N/A       100%        7
 Borgnjor's Revivificati  Necr           0%         N/A       100%        8
 Disjunction              Tloc           0%         N/A       100%        8
 Ignition                 Fire           0%         3d3       100%        8
 Lehudib's Crystal Spear  Conj/Erth      0%         10d2      100%        8
 Maxwell's Capacitive Co  Air            0%         ∞         100%        8
 Chain Lightning          Conj/Air       0%         N/A       100%        9


Dungeon Overview and Level Annotations

Branches:
Dungeon (15/15)            Temple (0/1) D:4            Lair (6/6) D:9
  Swamp (4/4) Lair:2        Snake (4/4) Lair:3        Slime (0/5) Lair:6
    Orc (2/2) D:9             Elf (1/3) Orc:2        Vaults (0/5) D:14
 Depths (0/5) D:15          IceCv (visited)

Altars:
Ashenzari
Cheibriados
Dithmenos
Fedhas
Hepliaklqana
Kikubaaqudgha
Nemelex Xobeh
Okawaru
Qazlal
Sif Muna
Trog
Vehumet
Xom
The Shining One
Beogh
Jiyva

Shops:
D:12 *   D:13 *   Orc:2 !?*=   Snake:1 *   Snake:4 [

Annotations:
D:9 exclusion: oklob plant
Lair:6 1 runed translucent door
Snake:1 1 runed translucent door, Cymafa's ghost, journeyman FeSu


Message History

The deep elf knight is almost dead.
You barely miss the +4 glaive of venom. You miss the +2 glaive of freezing.
You closely miss the tormentor.
Your shadow hits the deep elf knight with a broad axe.
You kill the deep elf knight!
Dithmenos accepts your kill.
Your shadow closely misses the +4 glaive of venom.
Your shadow hits the +2 glaive of freezing but does no damage.
Your shadow hits the tormentor with a broad axe.
The sixfirhy disappears in a puff of smoke!
The tormentor calls on the powers of darkness!
The deep elf demonologist convulses!
Your body is wracked with pain!
You emit a cloud of dark smoke.
The deep elf pyromancer convulses!
The +2 glaive of freezing hits you but does no damage.
You block the +4 glaive of venom's attack.
You block the orange demon's attack.
The soul eater draws from the surrounding life force!
* * * LOW HITPOINT WARNING * * *
The deep elf pyromancer points at you and mumbles some strange words.
You block the sticky flame.
Unknown command.
As you read the scroll of teleportation, it crumbles to dust.
You feel strangely unstable.
The tormentor calls on the powers of darkness!
Your body is wracked with pain!
* * * LOW HITPOINT WARNING * * *
The deep elf pyromancer convulses!
The +2 glaive of freezing hits you!
* * * LOW HITPOINT WARNING * * *
The +2 glaive of freezing freezes you.
* * * LOW HITPOINT WARNING * * *
You block the +4 glaive of venom's attack.
You block the orange demon's attack. The fire elemental hits you.
The fire elemental burns you! You resist.
* * * LOW HITPOINT WARNING * * *
The deep elf pyromancer mumbles some strange words.
The deep elf pyromancer blinks!
The water elemental hits you.
* * * LOW HITPOINT WARNING * * *
The +2 glaive of freezing barely misses you.
The +4 glaive of venom hits you!
You die...

#..... ######....
#.# ..#. ##...##...
#.. .(.. '.....####
#.# .(.# .........#
+#.# (..# .........#
##e§# .§. .........#
#..§####.####e
.........+
+§§§32e§°°°○ee
.........# #§E@(4§(#
#.......##
##'§(E(§##
#'.....###
##§##§E§#+
'#######.###.#######
## ##.##.## .#
##...'## .+ +..?.##
### .# #.....# ##.##
## #.....# ##...##


You could see a soul eater (summoned), an orange demon (summoned), a water
elemental, a deep elf pyromancer (empowered), a tormentor (summoned), 2 fire
elementals and 3 dancing weapons.

Vanquished Creatures
  The ghost of Vauzamim the Peltast, an adept HuWn of Kikubaaqudgha (Snake:3)
  Donald (Snake:3)
  The ghost of Koqoaqio the Brawler, a journeyman TrBe of Trog (Swamp:4)
  2 fenstrider witches
  3 nagarajas
  A frost giant (D:15)
  A war gargoyle (D:13)
  The ghost of 2tc the Lord of Darkness, a journeyman DDNe of Kikubaaqudgha (Orc:1)
  A vampire knight (D:13)
  4 bunyips
  A deep elf annihilator (Elf:1)
  The ghost of Shaidar the Cleaver, a journeyman MiBe of Trog (Lair:5)
  2 eleionomae
  An ettin (D:13)
  A fire dragon (Lair:5)
  Snorg (D:11)
  A deep elf high priest (Elf:1)
  24 naga warriors
  2 shambling mangroves
  7 vault guards
  Erolcha (Orc:1)
  7 salamander tyrants
  5 boulder beetles
  23 hydras
  A ghost crab (Swamp:3)
  2 centaur warriors
  The ghost of martbhell the Fighter, a novice MiBe of Trog (D:9)
  3 catoblepae
  5 ogre magi
  18 anacondas
  22 two-headed ogres
  2 dancing weapons
  A death knight (D:15)
  3 tengu warriors (D:15)
  A death scarab (Swamp:3)
  12 alligators
  The ghost of Jano the Zephyrmancer, a journeyman TeAE of Vehumet (D:10)
  8 death yaks
  A shock serpent (shapeshifter) (D:13)
  23 naga sharpshooters
  A deep elf knight (Elf:1)
  Sonja (D:11)
  9 shock serpents
  A spriggan berserker (Swamp:4)
  A fire crab (shapeshifter) (D:14)
  A bunyip zombie (Swamp:3)
  5 goliath frogs
  5 salamander mystics
  5 naga ritualists
  2 spriggan druids
  2 lindwurms
  An obsidian statue (D:10)
  A death drake (Swamp:4)
  11 swamp dragons
  2 deep elf archers (Elf:1)
  16 bog bodies
  A necromancer (IceCv)
  2 bunyip skeletons (Swamp:3)
  3 oklob plants (Lair:6)
  6 deep elf pyromancers
  4 deep elf zephyrmancers (Elf:1)
  An ugly thing (D:9)
  3 manticores
  An orc sorcerer (Orc:2)
  4 will-o-the-wisps
  16 mana vipers
  2 orc knights
  4 elephants (Lair:3)
  38 salamanders
  4 cyclopes
  An ice statue (IceCv)
  9 guardian serpents
  19 naga magi
  Maurice (Orc:1)
  A gargoyle (D:11)
  9 cane toads
  4 torpor snails
  32 black mambas
  16 rime drakes
  A yaktaur (D:13)
  11 freezing wraiths
  A komodo dragon (shapeshifter) (D:9)
  10 komodo dragons
  3 trolls
  7 polar bears
  A bloated husk (Swamp:1)
  Prince Ribbit (D:8)
  3 meliai (D:11)
  Grinder (D:3)
  11 hornets
  12 tyrant leeches
  12 slime creatures
  18 dream sheep
  4 blink frogs
  A spriggan (shapeshifter) (D:13)
  20 spriggans
  43 yaks
  2 wyverns
  2 wraiths (D:12)
  A golden eye (shapeshifter) (D:15)
  7 basilisks
  17 vampire mosquitoes
  2 death yak simulacra (IceCv)
  11 steam dragons
  13 swamp worms
  75 nagas
  A warg (D:10)
  13 water moccasins
  8 swamp drakes
  16 orc warriors
  A sky beast (D:6)
  7 ice beasts
  6 black bears
  A necrophage (D:6)
  An alligator simulacrum (IceCv)
  33 ogres
  4 boggarts (Lair:6)
  29 wolves
  3 centaurs
  2 swamp dragon skeletons (Swamp:3)
  6 kobold brigands
  11 bullfrogs
  3 gnoll sergeants (D:9)
  4 scorpions
  A water moccasin skeleton (D:7)
  7 wights
  An electric eel (Lair:2)
  4 howler monkeys
  2 draconian simulacra (IceCv)
  3 centaur zombies
  A hound (D:7)
  2 jellies
  7 orc priests
  A centaur skeleton (D:4)
  An iguana (D:4)
  Ijyb (D:5)
  13 orc wizards
  4 troll simulacra (IceCv)
  2 spriggan simulacra
  Terence (D:2)
  9 hell rats
  A polar bear simulacrum (IceCv)
  4 centaur simulacra (IceCv)
  A hound skeleton (D:5)
  2 howler monkey zombies
  3 gnolls
  Robin (D:3)
  5 ogre simulacra (IceCv)
  5 adders
  4 naga simulacra (IceCv)
  3 shadow imps
  25 white imps
  An ufetubus (D:6)
  An adder skeleton (D:2)
  3 worms
  53 orcs
  7 ball pythons
  6 bats
  8 endoplasms
  2 giant cockroaches
  7 hobgoblins
  4 jackals (D:1)
  13 kobolds
  2 quokkas
  5 frilled lizards
  14 goblins
  5 rats
1126 creatures vanquished.

Vanquished Creatures (others)
  A goliath frog (Swamp:3)
  A salamander (Snake:4)
  A bloated husk (Swamp:1)
  An orc wizard (Orc:2)
  32 foxfires
  53 fungi
  65 plants
  13 toadstools (D:9)
  2 withered plants (Lair:5)
169 creatures vanquished.

Grand Total: 1295 creatures vanquished

Notes
Turn   | Place    | Note
-------+----------+-------------------------------------------
     0 | D:1      | Hector the Hill Orc Fighter began the quest for the Orb.
     0 | D:1      | Reached XP level 1. HP: 19/19 MP: 1/1
   317 | D:1      | Reached XP level 2. HP: 22/26 MP: 2/2
   370 | D:1      | Found a faded altar of an unknown god.
   552 | D:1      | You fall into a shaft and drop 1 floor!
   552 | D:2      | Noticed Terence
   562 | D:2      | Killed Terence
   563 | D:2      | Reached skill level 5 in Axes
   563 | D:2      | Reached XP level 3. HP: 20/31 MP: 3/3
   816 | D:2      | Found a shadowy altar of Dithmenos.
   825 | D:2      | Became a worshipper of Dithmenos the Shadowed
   924 | D:2      | Reached XP level 4. HP: 35/39 MP: 4/4
  2119 | D:3      | Noticed a scorpion
  2139 | D:3      | Killed a scorpion
  2140 | D:3      | Reached XP level 5. HP: 14/46 MP: 5/5
  2967 | D:3      | Noticed Grinder
  2987 | D:3      | Paralysed by Grinder for 6 turns
  2997 | D:3      | Killed Grinder
  2998 | D:3      | Reached skill level 1 in Invocations
  2998 | D:3      | Reached XP level 6. HP: 26/52 MP: 5/7
  3196 | D:3      | Reached * piety under Dithmenos
  3205 | D:3      | Noticed Robin
  3211 | D:3      | Killed Robin
  3712 | D:3      | Reached XP level 7. HP: 24/58 MP: 8/8
  4898 | D:4      | Found a staircase to the Ecumenical Temple.
  5232 | D:5      | Entered Level 5 of the Dungeon
  5371 | D:5      | Noticed a two-headed ogre
  5401 | D:4      | Reached XP level 8. HP: 65/66 MP: 8/10
  5476 | D:5      | Noticed Ijyb
  5495 | D:5      | Killed Ijyb
  5496 | D:5      | Reached skill level 5 in Armour
  5642 | D:5      | Found a radiant altar of Vehumet.
  5650 | D:5      | Found a sparkling altar of Nemelex Xobeh.
  5650 | D:5      | Found a glowing golden altar of the Shining One.
  5661 | D:5      | Found an ancient bone altar of Kikubaaqudgha.
  5664 | D:5      | Found a hazy altar of Hepliaklqana.
  5917 | D:5      | Killed a two-headed ogre
  5918 | D:5      | Reached skill level 10 in Axes
  5990 | D:5      | Reached XP level 9. HP: 72/72 MP: 12/12
  6193 | D:6      | Found a bloodstained altar of Trog.
  6888 | D:6      | Reached ** piety under Dithmenos
  7011 | D:7      | Found a shadowy altar of Dithmenos.
  7024 | D:7      | Reached skill level 5 in Fighting
  7210 | D:7      | Reached skill level 5 in Invocations
  7669 | D:8      | Noticed a catoblepas
  7696 | D:8      | Killed a catoblepas
  7697 | D:8      | Reached XP level 10. HP: 46/82 MP: 14/14
  8023 | D:8      | Reached *** piety under Dithmenos
  8103 | D:8      | Found a shimmering blue altar of Sif Muna.
  8178 | D:8      | Noticed Prince Ribbit
  8190 | D:8      | Killed Prince Ribbit
  8391 | D:9      | Noticed a green ugly thing
  8393 | D:9      | Found a broken altar of Ashenzari.
  8412 | D:9      | Killed a green ugly thing
  8485 | D:9      | Found a staircase to the Lair.
  8531 | D:9      | Found a blossoming altar of Fedhas.
  8545 | D:9      | Noticed an oklob plant
  8621 | D:9      | Found a staircase to the Orcish Mines.
  8625 | D:9      | Reached skill level 10 in Shields
  8680 | D:9      | Reached XP level 11. HP: 89/89 MP: 16/16
  8875 | D:9      | Found a runed translucent door.
  8885 | D:9      | Noticed martbhell's ghost (novice MiBe)
  9228 | D:9      | Identified the +3 spear of Grace {freeze, *Noise rF+ rC+
                  | SInv}
  9416 | Lair:1   | Entered Level 1 of the Lair of Beasts
  9485 | Lair:1   | Noticed a six-headed hydra
  9503 | Lair:1   | Killed a six-headed hydra
  9790 | Lair:1   | Noticed an eight-headed hydra
  9844 | Lair:1   | Killed an eight-headed hydra
  9844 | Lair:1   | Reached **** piety under Dithmenos
  9987 | Lair:1   | Noticed a four-headed hydra
 10007 | Lair:1   | Killed a four-headed hydra
 10397 | Lair:2   | Noticed a four-headed hydra
 10562 | Lair:2   | Reached skill level 15 in Axes
 10627 | Lair:2   | Killed a four-headed hydra
 10628 | Lair:2   | Reached skill level 10 in Armour
 10689 | Lair:2   | Reached XP level 12. HP: 100/100 MP: 18/18
 10839 | Lair:2   | Found a snail-covered altar of Cheibriados.
 11275 | Lair:2   | Found a staircase to the Swamp.
 11905 | Lair:3   | Noticed a death yak
 11906 | Lair:3   | Noticed a death yak
 11924 | Lair:3   | Noticed a death yak
 11927 | Lair:3   | Noticed a death yak
 11928 | Lair:3   | Killed a death yak
 11931 | Lair:3   | Noticed a death yak
 11958 | Lair:3   | Killed a death yak
 11958 | Lair:3   | Reached ***** piety under Dithmenos
 11974 | Lair:3   | Killed a death yak
 11996 | Lair:3   | Killed a death yak
 12004 | Lair:3   | Killed a death yak
 12472 | Lair:3   | Reached XP level 13. HP: 104/108 MP: 20/20
 12516 | Lair:3   | Found a staircase to the Snake Pit.
 12724 | Lair:3   | Reached skill level 10 in Invocations
 13772 | Lair:5   | Found a runed translucent door.
 13778 | Lair:5   | Identified the +9 mace of a sewer {freeze, rC- MP+9 Int+2
                  | SInv}
 13830 | Lair:5   | Noticed Shaidar's ghost (journeyman MiBe)
 14011 | Lair:5   | Noticed a fire dragon
 14103 | Lair:5   | Reached skill level 10 in Fighting
 14312 | Lair:5   | Reached skill level 15 in Shields
 14316 | Lair:5   | Killed a fire dragon
 15119 | Lair:6   | Entered Level 6 of the Lair of Beasts
 15140 | Lair:5   | Reached skill level 1 in Dodging
 15257 | Lair:6   | Reached XP level 14. HP: 116/124 MP: 21/21
 15529 | Lair:6   | Found a runed translucent door.
 15530 | Lair:6   | Found a viscous altar of Jiyva.
 15533 | Lair:6   | Found a staircase to the Slime Pits.
 15641 | Lair:6   | Reached ****** piety under Dithmenos
 17095 | D:9      | Killed martbhell's ghost
 17173 | D:10     | Entered Level 10 of the Dungeon
 17397 | D:10     | Identified the +0 plate armour of the Blessed Realm {rElec
                  | rC+++ Will- Regen+}
 17397 | D:10     | Found a runed translucent gate.
 17397 | D:10     | Noticed Jano's ghost (journeyman TeAE)
 17398 | D:10     | Found a runed translucent gate.
 17398 | D:10     | Found a runed translucent gate.
 17400 | D:10     | Found a roughly hewn altar of Beogh.
 17405 | D:10     | Identified the +5 chain mail "Quihergh" {rPois}
 17888 | D:10     | Found an iron altar of Okawaru.
 18505 | D:11     | Noticed Sonja
 18531 | D:11     | Killed Sonja
 18601 | D:11     | Found a frozen archway.
 18633 | IceCv    | Entered an ice cave
 18929 | IceCv    | Found an ancient bone altar of Kikubaaqudgha.
 19846 | D:11     | Noticed Snorg
 19863 | D:11     | Killed Snorg
 20215 | D:11     | Found a stormy altar of Qazlal.
 20456 | D:10     | Identified the +7 flail of Truncation {vorpal, rCorr Str+7}
 20469 | D:10     | Identified the +4 plate armour of the Lizard {rCorr Str+4}
 20486 | D:10     | Identified the ring of Salvation {*Corrode rF+ Str+4 Int+6
                  | Dex+7}
 20711 | D:11     | Reached XP level 15. HP: 119/136 MP: 22/22
 21015 | D:12     | Found Icilaur's Gadget Gallery.
 21800 | Orc:1    | Entered Level 1 of the Orcish Mines
 21935 | Orc:1    | Found a runed translucent door.
 21938 | Orc:1    | Found a shimmering altar of Xom.
 21938 | Orc:1    | Noticed 2tc's ghost (journeyman DDNe)
 21941 | Orc:1    | Noticed Maurice
 21987 | Orc:1    | Killed Maurice
 22549 | Orc:2    | Entered Level 2 of the Orcish Mines
 22549 | Orc:2    | Noticed Erolcha
 22558 | Orc:1    | Killed Erolcha
 22807 | Orc:2    | Paralysed by an ogre mage for 6 turns
 22898 | Orc:2    | Found a staircase to the Elven Halls.
 22899 | Orc:2    | Found a roughly hewn altar of Beogh.
 23101 | Orc:2    | Found Munluup's Magic Scroll Shop.
 23106 | Orc:2    | Found Xevuipel's Distillery.
 23106 | Orc:2    | Found Plog's General Store.
 23106 | Orc:2    | Found Lequll's Jewellery Shoppe.
 23118 | Orc:2    | Bought a scroll of teleportation for 39 gold pieces
 23118 | Orc:2    | Bought a scroll of blinking for 97 gold pieces
 23118 | Orc:2    | Bought a scroll of teleportation for 39 gold pieces
 23119 | Orc:2    | Bought a scroll of magic mapping for 49 gold pieces
 23119 | Orc:2    | Bought a scroll of acquirement for 728 gold pieces
 23135 | Orc:2    | Acquired the +11 broad axe "Kudd" {freeze, rF+ rCorr Str-2}
 23157 | Orc:2    | Found a roughly hewn altar of Beogh.
 23392 | Orc:2    | Bought a scroll of teleportation for 42 gold pieces
 23893 | D:13     | Reached skill level 15 in Fighting
 24262 | D:13     | Found Imaimiss's General Store.
 24270 | D:13     | Bought a scroll of teleportation for 45 gold pieces
 24280 | D:13     | Identified the +5 short sword of Dofikl Zaoha {flame,
                  | *Corrode rElec rN+}
 24314 | D:13     | Identified the +11 short sword "Leviticus" {protect, rCorr
                  | Str+4}
 24445 | D:13     | Got the Guide on Doomed Earth
 24449 | D:13     | Got the Tome of Icy Hexes
 24907 | D:14     | Reached XP level 16. HP: 131/149 MP: 23/23
 24979 | D:14     | You fall into a shaft and drop 1 floor!
 24979 | D:15     | Entered Level 15 of the Dungeon
 25172 | D:15     | Reached skill level 15 in Armour
 25172 | D:15     | Reached skill level 5 in Dodging
 25173 | D:15     | Paralysed by an ogre mage for 5 turns
 25403 | D:14     | Found a gate to the Vaults.
 26509 | D:15     | Found a staircase to the Depths.
 27277 | Lair:5   | Killed Shaidar's ghost
 27525 | D:10     | Killed Jano's ghost
 27756 | Orc:1    | Killed 2tc's ghost
 28250 | Snake:1  | Entered Level 1 of the Snake Pit
 28622 | Snake:1  | Found a runed translucent door.
 28622 | Snake:1  | Found a shimmering altar of Xom.
 28622 | Snake:1  | Noticed Cymafa's ghost (journeyman FeSu)
 28673 | Snake:1  | Found Qojushib's Assorted Antiques.
 28693 | Snake:1  | Upgraded the game from 0.27-a0-1391-g48c30b3128 to
                  | 0.27-a0-1423-ge5d6b6ab6a
 29241 | Snake:2  | Reached XP level 17. HP: 157/161 MP: 24/24
 30292 | Snake:2  | Identified the +1 robe of Yhias {Regen+ Slay+2}
 31322 | Snake:3  | Found a runed translucent gate.
 31359 | Snake:3  | Found a runed translucent gate.
 31359 | Snake:3  | Found a runed translucent gate.
 31364 | Snake:3  | Noticed Vauzamim's ghost (adept HuWn)
 31682 | Snake:3  | Noticed Donald
 31691 | Snake:3  | Killed Donald
 31938 | Snake:3  | Reached XP level 18. HP: 170/174 MP: 25/25
 32137 | Snake:3  | Killed Vauzamim's ghost
 32151 | Snake:3  | Got the Reference Book on Flight
 32472 | Snake:4  | Entered Level 4 of the Snake Pit
 33218 | Snake:4  | Found Irau's Antique Armour Shop.
 33677 | Snake:4  | Found a bloodstained altar of Trog.
 34015 | Snake:4  | Identified the +9 morningstar of the Four Visionaries
                  | {flame, Will+ Stlth+}
 34871 | Snake:4  | Got a serpentine rune of Zot
 35251 | Swamp:1  | Entered Level 1 of the Swamp
 35313 | Swamp:1  | Reached XP level 19. HP: 143/184 MP: 26/26
 36685 | Swamp:3  | Paralysed by a hornet for 1 turns
 37070 | Swamp:3  | Found an ancient bone altar of Kikubaaqudgha.
 37097 | Swamp:3  | Got the Incunabulum of Evil
 37391 | Swamp:4  | Entered Level 4 of the Swamp
 37454 | Swamp:4  | Reached skill level 1 in Throwing
 38075 | Swamp:4  | Got a decaying rune of Zot
 38332 | Swamp:4  | Found a large runed translucent door.
 38332 | Swamp:4  | Found a large runed translucent door.
 38333 | Swamp:4  | Noticed Koqoaqio's ghost (journeyman TrBe)
 38562 | Swamp:4  | Killed Koqoaqio's ghost
 38772 | Orc:2    | Bought a ring of see invisible for 270 gold pieces
 38805 | Elf:1    | Entered Level 1 of the Elven Halls
 39095 | Elf:1    | HP: 9/187 [fire elemental[a deep elf pyromancer] (3)]
 39095 | Elf:1    | HP: 4/187 [water elemental (5)]
 39095 | Elf:1    | Mangled by a +4 glaive of venom

Illustrated notes

Levels and vault maps discovered:
D:1:      onia_arrival_pyramid, layout_basic, basic_ecumenical_altar
D:2:      layout_loops_ring, basic_altar, uniq_terence
D:3:      layout_loops_corners, uniq_robin, uniq_grinder
D:4:      layout_basic, minmay_temple_entry_junction
D:5:      layout_cave_pools, minmay_overflow_temple_star_hex,
          minmay_manual_moon, uniq_ijyb
D:6:      layout_gridville, amcnicky_altar_gilded, kennysheep_doodads
D:7:      layout_rooms, grunt_dithmenos_smoke, kennysheep_generic_room_13
D:8:      layout_rooms, kennysheep_orc_sif_temple, uniq_prince_ribbit1
D:9:      layout_roguey, tgw_fedhas, lemuel_round_altar, lair_entry_dummy,
          kennysheep_orc_monster_closet_entryway, ebering_ghost_funeral_grove
D:10:     layout_loops_corners, okawaru_metal_pillars_1_2,
          biasface_ghost_orc_armoury, minivault_15
D:11:     layout_stronghold, portal_ice_cave_entry_imps,
          nicolae_qazlal_general_emergency, uniq_snorg, uniq_sonja
D:12:     layout_loops_corners, kennysheep_diamond, nicolae_shop_gadgets
D:13:     layout_loops_ring, serial_shops, nicolae_shop_waterfront,
          minmay_checkered_concentric_circles
D:14:     layout_roguey, erik_vaults_2, wad_floor_pattern_2
D:15:     grunt_enter_depths_snipers, layout_basic
Lair:1:   layout_roguey
Lair:2:   layout_long_grid, minmay_swamp_entry_worms, kennysheep_snail_temple,
          infiniplex_staircase_pool, serial_bayou_shore_a, grunt_megastairs_1
Lair:3:   layout_cellular_growth, guppyfry_snake_entry_garden
Lair:4:   layout_big_grid, small_statue_intersection, minivault_11
Lair:5:   layout_gridlike, gammafunk_ghost_grave, bobbens_dragon_lair_wall
Lair:6:   minmay_lair_end_enchanted_forest, layout_regular_city, slime_altar_2,
          minmay_lair_oklob_chamber, grunt_megastairs_5
Swamp:1:  layout_basic_swamp, serial_swamp_ruin, evilmike_swamp_ruin_rubble_1,
          evilmike_swamp_ruin_house_1, swamp_pool4
Swamp:2:  layout_falls_marsh, evilmike_swamp_ruin_house_4
Swamp:3:  layout_basic_swamp, hangedman_swamp_ruin_wall, beargit_kiku_chapel
Swamp:4:  grunt_swamp_rune_castle, layout_basic_swamp,
          ebering_ghost_disaster_area, swamp_pool1, infiniplex_staircase_pool_2
Snake:1:  layout_gridlike, ebering_ghost_xom, special_room, serial_shops,
          nicolae_shop_overgrown_old_shop
Snake:2:  layout_honeycomb, grunt_ministairs_9, nicolae_snake_mages_go_home
Snake:3:  layout_misc_corridors, ebering_ghost_rock_garden,
          nicolae_snake_gridmaze_squiggle, lemuel_fruit_tree,
          grunt_megastairs_2, serial_bayou_shore_b, uniq_donald
Snake:4:  grunt_snake_rune_pools, layout_layer_cave, serial_shops,
          nicolae_square_shop, basic_altar, nicolae_snake_snakewalk
Orc:1:    layout_caves, ebering_ghost_xom, uniq_maurice
Orc:2:    st_orc_ogre_mass, layout_diamond_mine, basic_altar, mines2_david,
          uniq_erolcha
Elf:1:    layout_geoelf_octagon, minivault_28, uniq_jorgrun, uniq_kirke,
          uniq_nikola

Skill      XL: |  1  2  3  4  5  6  7  8  9 10 11 12 13 14 15 16 17 18 19 |
---------------+----------------------------------------------------------+-----
Axes           | 3 5 7 8 9 11 12 14 15 16 17 18 19 20 | 20.7
Invocations    | 1 2 4 5 7 8 9 10 | 10.0
Armour         | 4 6 7 8 10 12 13 14 15 16 17 | 17.3
Fighting       | 4 5 6 7 8 11 13 15 17 18 19 20 | 20.4
Shields        | 4 6 9 10 12 13 15 17 18 | 18.6
Dodging        | 1 3 4 6 7 8 |  8.5
Throwing       | 2 |  2.5

Action                   |  1- 3 |  4- 6 |  7- 9 | 10-12 | 13-15 | 16-18 | 19-21 || total
-------------------------+-------+-------+-------+-------+-------+-------+-------++-------
Melee: War axe           |    75 |   140 |   355 |   816 |  1350 |       |       ||  2736
       Spear             |       |       |       |    60 |    93 |       |     6 ||   159
       Broad axe         |       |       |       |       |    82 |  1115 |   357 ||  1554
       Flail             |       |       |       |       |    14 |       |       ||    14
       Unarmed           |       |       |       |       |       |     1 |       ||     1
       Morningstar       |       |       |       |       |       |       |    46 ||    46
Throw: Dart              |       |       |       |       |     1 |       |       ||     1
Invok: Shadow Step       |       |       |       |       |     5 |     2 |       ||     7
Evoke: Wand              |       |       |     7 |       |     3 |       |       ||    10
       Box of beasts     |       |       |       |       |       |     1 |       ||     1
  Use: Potion            |     1 |       |       |     3 |     1 |       |       ||     5
       Scroll            |       |     3 |     8 |     6 |    15 |     1 |     1 ||    34
Armor: Scale mail        |    28 |       |       |       |       |       |       ||    28
       Plate armour      |     6 |    83 |   228 |   381 |   607 |    65 |   161 ||  1531
       Chain mail        |       |       |       |       |       |   245 |    36 ||   281
Dodge: Dodged            |    19 |    29 |    67 |   159 |   357 |   201 |    82 ||   914
Block: Kite shield       |    41 |    67 |   194 |   387 |   790 |   220 |       ||  1699
       Tower shield      |       |       |       |       |       |   669 |   471 ||  1140

Table legend: (Time is in decaauts)
 A = Elapsed time spent in this place.
 B = Non-inter-level travel time spent in this place.
 C = Inter-level travel time spent in this place.
 D = Time resting spent in this place.
 E = Time spent auto-exploring this place.
 F = Levels seen in this place.
 G = Mean time per level.
                   A        B        C        D        E       F      G
               +--------+--------+--------+--------+--------+-----+--------+
         Total |  38876 |  33013 |   5863 |   2956 |  18507 |  33 | 1178.1 |
       Dungeon |  17644 |  14828 |   2816 |   1647 |   9130 |  15 | 1176.3 |
          Lair |   8533 |   6756 |   1777 |    324 |   4166 |   6 | 1422.2 |
         Swamp |   3495 |   3121 |    374 |    189 |   1646 |   4 |  873.8 |
     Snake Pit |   6470 |   5844 |    626 |    601 |   2551 |   4 | 1617.5 |
  Orcish Mines |   1753 |   1484 |    269 |     47 |    758 |   2 |  876.5 |
   Elven Halls |    279 |    279 |      0 |     49 |    126 |   1 |  279.0 |
      Ice Cave |    699 |    699 |      0 |     96 |    129 |   1 |  699.0 |
               +--------+--------+--------+--------+--------+-----+--------+

Top non-repeatable levels by time:
 Snake:4: 2417 daAuts
     D:9: 1898 daAuts
  Lair:3: 1785 daAuts
    D:10: 1746 daAuts
     D:2: 1720 daAuts
  Lair:6: 1690 daAuts
 Snake:2: 1649 daAuts
     D:3: 1581 daAuts
 Snake:3: 1466 daAuts
  Lair:1: 1435 daAuts
  Lair:2: 1432 daAuts
    D:11: 1341 daAuts
 Swamp:4: 1313 daAuts
  Lair:5: 1288 daAuts
    D:13: 1202 daAuts
